Map: [ESL] Hardwire

Players

Dream

  • Race: Terran Terran

Solar - Winner!

  • Race: Zerg Zerg

Event: IEM Katowice 2022

VOD

Have the link to the VOD?

Description

Time

  • Played on: Feb. 24, 2022, 7:57 a.m.
  • Length: 13:15

All games in this series

Show
View Real Time Build Order
Export as new Build Order

Dream Terran 

Build Orders: Reaper Expand, Mech 

Get SALT Encoding   

  12  0:00  SCV  
  13  0:12  SCV  
  14  0:17  Supply Depot  
  14  0:24  SCV  
  15  0:38  SCV  
  15  0:40  Barracks  
  16  0:43  Refinery  
  16  0:50  SCV  
  17  1:02  SCV  
  18  1:15  SCV  
  19  1:27  Reaper, Orbital Command  
  20  1:38  Command Center  
  20  1:51  Supply Depot  
  20  1:52  SCV  
  21  1:59  Marine  
  22  2:04  SCV  
  22  2:05  Factory  
  23  2:16  SCV  
  25  2:26  Barracks Reactor  
  25  2:28  SCV  
  25  2:37  Command Center  
  25  2:41  SCV  
  26  2:51  Orbital Command  
  26  2:52  Refinery  
  26  2:53  SCV  
  27  2:59  Starport  
  27  3:05  SCV  
  27  3:09  Refinery  
  30  3:12  Hellion  
  30  3:18  SCV, Hellion  
  34  3:20  SCV  
  34  3:30  SCV  
  35  3:35  SCV  
  35  3:37  Viking  
  38  3:42  SCV, Hellion  
  38  3:47  Fusion Core  
  38  3:48  SCV  
  42  3:53  Orbital Command  
  42  3:54  SCV  
  43  3:58  Hellion  
  43  4:01  SCV  
  46  4:06  SCV  
  46  4:09  Starport Tech Lab  
  46  4:13  SCV  
  46  4:14  Hellion  
  49  4:18  SCV  
  49  4:19  Supply Depot  
  49  4:21  SCV  
  53  4:25  SCV  
  53  4:30  SCV  
  55  4:32  Supply Depot, Orbital Command  
  55  4:37  SCV  
  56  4:39  Battlecruiser  
  56  4:42  SCV  
  56  4:44  Hellion  
  63  4:47  Hellion  
  63  4:50  SCV  
  63  4:52  Supply Depot  
  66  4:54  SCV  
  66  4:56  Refinery  
  66  4:58  SCV  
  68  5:02  SCV  
  68  5:06  SCV  
  70  5:07  Refinery  
  70  5:09  Factory  
  70  5:10  SCV, Hellion  
  70  5:11  Hellion  
  76  5:14  SCV  
  76  5:15  Supply Depot  
  76  5:18  SCV  
  77  5:22  Refinery  
  77  5:23  SCV  
  77  5:26  SCV, Factory  
  79  5:31  SCV  
  80  5:36  SCV, Armory x2  
  80  5:38  SCV  
  82  5:46  SCV  
  83  5:50  Battlecruiser  
  83  5:54  SCV x2  
  83  5:56  Supply Depot  
  91  5:59  Hellion, Factory Tech Lab  
  93  6:11  Factory Tech Lab  
  93  6:18  Supply Depot, SCV x2, Hellion  
  97  6:19  Siege Tank  
  97  6:20  Supply Depot, Engineering Bay  
  97  6:22  SCV  
  101  6:30  Supply Depot  
  101  6:32  Factory  
  101  6:36  Terran Vehicle Weapons Level 1, Terran Vehicle And Ship Armor Level 1  
  101  6:39  Supply Depot, SCV, Hellion, Siege Tank  
  107  6:42  Supply Depot  
  107  6:43  SCV x2  
  109  6:51  SCV, Siege Tank  
  109  6:52  Factory  
  113  6:55  SCV  
  113  6:58  SCV  
  113  7:01  Supply Depot  
  115  7:04  SCV  
  115  7:06  Missile Turret  
  115  7:07  Missile Turret  
  116  7:09  Missile Turret  
  116  7:11  Battlecruiser  
  116  7:12  SCV  
  116  7:15  SCV  
  121  7:25  SCV x2  
  121  7:27  SCV  
  118  7:37  SCV  
  118  7:38  Weapon Refit  
  118  7:40  Factory Reactor, Factory Tech Lab  
  119  7:47  Missile Turret, Siege Tank  
  119  7:48  Siege Tank  
  119  7:50  Command Center  
  125  7:52  Widow Mine x2  
  125  7:55  SCV x3  
  132  7:59  Supply Depot  
  132  8:08  Siege Tank  
  135  8:13  Missile Turret  
  135  8:16  Missile Turret, Hellion x2  
  139  8:25  Siege Tank x2  
  139  8:26  Infernal Pre-Igniter, Mag-Field Accelerator  
  145  8:29  Hellion  
  147  8:42  Hellion x2  
  147  8:43  Hellion x2  
  147  8:45  Missile Turret  
  155  8:53  Supply Depot x2  
  155  8:54  Supply Depot  
  155  8:55  Terran Vehicle Weapons Level 2  
  155  8:56  Terran Vehicle And Ship Armor Level 2  
  155  9:10  Missile Turret  
  155  9:12  Missile Turret  
  155  9:16  Siege Tank x2  
  161  9:17  Siege Tank  
  161  9:23  SCV x2  
  159  9:48  Cyclone x2, Command Center  
  159  9:49  Cyclone  
  168  9:59  Missile Turret  
  168  10:00  Missile Turret  
  168  10:14  Hellion, Planetary Fortress  
  151  10:16  Hellion x2  
  151  10:20  Cyclone  
  152  10:32  Cyclone x2  
  152  10:35  Refinery  
  155  10:36  Refinery  
  155  10:48  Hellion x4  
  159  10:53  Barracks Tech Lab  
  159  10:55  Command Center  
  159  10:56  Command Center  
  144  11:06  Siege Tank  
  144  11:07  Siege Tank x2  
  144  11:10  SCV x3  
  139  11:20  Planetary Fortress  
  139  11:22  SCV x3  
  142  11:26  Refinery  
  142  11:34  SCV x3  
  142  11:39  Hellion x2, Siege Tank  
  134  11:43  Siege Tank x2  
  134  11:46  Missile Turret, Hellion  
  136  11:49  Hellion x2  
  136  11:55  Sensor Tower  
  129  12:05  Hellion x2  
  129  12:06  Hellion  
  129  12:07  Hellion  
  143  12:20  Thor x2  
  149  12:23  Viking  
  149  12:27  Hellion x3  
  149  12:29  Hellion  
  159  12:31  Missile Turret x2, Thor  
  159  12:32  Orbital Command x2  
  144  12:53  Hellion x4  
Show
View Real Time Build Order
Export as new Build Order

Solar Zerg - Winner!

Build Orders: Hatch First, Brood Lord Corruptor 

Get SALT Encoding   

  12  0:00  Drone  
  13  0:12  Overlord  
  13  0:16  Drone  
  14  0:30  Drone  
  14  0:31  Drone  
  16  0:47  Hatchery  
  15  0:51  Drone  
  15  0:55  Drone  
  17  0:59  Drone  
  18  1:10  Extractor  
  17  1:15  Spawning Pool  
  17  1:18  Drone  
  17  1:22  Drone  
  18  1:27  Drone  
  19  1:39  Drone  
  20  1:49  Drone  
  21  2:02  Queen x2  
  21  2:03  Zergling x4  
  27  2:10  Zergling x2  
  27  2:11  Overlord  
  27  2:14  Metabolic Boost  
  28  2:34  Hatchery, Drone  
  28  2:36  Drone  
  28  2:43  Queen  
  30  2:47  Drone  
  30  2:50  Overlord  
  31  2:54  Drone  
  31  2:56  Drone  
  33  2:59  Drone  
  33  3:01  Drone  
  35  3:10  Drone x4  
  35  3:12  Drone  
  40  3:18  Queen  
  42  3:23  Overlord  
  42  3:24  Drone  
  43  3:29  Overlord  
  43  3:42  Drone x5  
  43  3:48  Queen  
  48  3:49  Drone x2  
  48  3:52  Overlord  
  48  3:53  Zergling x2  
  53  3:56  Drone x2  
  53  3:58  Queen  
  57  4:03  Drone x2  
  57  4:04  Drone  
  57  4:07  Overlord  
  60  4:13  Zergling x2  
  60  4:15  Zergling x2  
  60  4:16  Overlord  
  60  4:17  Drone  
  63  4:18  Drone  
  63  4:23  Queen  
  63  4:24  Drone x2  
  66  4:28  Roach Warren  
  66  4:30  Overlord  
  67  4:33  Lair  
  67  4:35  Drone  
  67  4:36  Drone  
  69  4:38  Extractor  
  69  4:39  Zergling x2  
  69  4:40  Drone, Extractor  
  69  4:44  Drone x2  
  71  4:46  Drone x2  
  71  4:47  Drone  
  71  4:50  Spore Crawler  
  71  4:51  Drone  
  74  4:54  Zergling x2  
  74  4:55  Drone, Extractor  
  74  4:56  Drone, Spore Crawler  
  74  4:57  Drone  
  74  4:58  Spore Crawler  
  74  4:59  Drone  
  75  5:03  Overlord  
  75  5:08  Roach x3  
  75  5:09  Roach  
  75  5:12  Drone x2  
  75  5:13  Drone x2  
  87  5:17  Roach  
  87  5:19  Overlord  
  89  5:23  Overlord  
  89  5:24  Zergling x2  
  89  5:25  Overlord  
  90  5:30  Drone  
  90  5:32  Zergling x4  
  90  5:33  Zergling x2  
  90  5:34  Overseer  
  94  5:36  Drone x2, Extractor x2  
  94  5:37  Overlord  
  94  5:38  Drone x3  
  97  5:46  Drone  
  97  5:47  Spire  
  97  5:50  Roach x2  
  97  5:53  Overlord  
  97  5:56  Drone x2  
  103  5:57  Drone  
  103  5:59  Spire  
  103  6:05  Overlord  
  103  6:06  Roach  
  103  6:07  Roach  
  103  6:12  Drone x4  
  105  6:21  Overlord  
  105  6:22  Overlord  
  105  6:23  Hatchery, Overlord  
  105  6:25  Overlord  
  104  6:26  Drone  
  104  6:29  Drone  
  105  6:33  Drone  
  105  6:36  Drone x3  
  105  6:37  Drone x2  
  105  6:38  Evolution Chamber  
  105  6:39  Drone  
  111  6:44  Glial Reconstitution  
  111  6:45  Drone  
  112  7:05  Zerg Missile Weapons Level 1  
  112  7:07  Drone  
  112  7:08  Overlord  
  113  7:11  Corruptor x7  
  113  7:13  Corruptor  
  129  7:16  Corruptor  
  129  7:18  Extractor  
  129  7:20  Corruptor  
  124  7:31  Corruptor  
  124  7:32  Drone x2  
  124  7:33  Drone  
  124  7:34  Drone x2  
  129  7:37  Drone  
  129  7:42  Zerg Flyer Weapons Level 1, Corruptor  
  132  7:44  Hatchery, Drone x2  
  132  7:45  Drone  
  132  7:47  Drone  
  132  7:49  Roach x2, Extractor  
  132  7:51  Overseer  
  138  7:53  Overlord  
  138  7:55  Corruptor  
  138  7:56  Zergling x2  
  138  7:58  Ravager  
  142  7:59  Drone  
  142  8:03  Drone  
  142  8:04  Drone  
  145  8:06  Roach x4  
  145  8:08  Corruptor  
  145  8:10  Ravager  
  145  8:12  Overlord  
  156  8:14  Roach x2  
  156  8:18  Roach x3  
  156  8:19  Ravager  
  167  8:20  Zergling x6  
  167  8:25  Roach x3  
  176  8:29  Roach x3  
  176  8:30  Roach  
  176  8:31  Overlord  
  183  8:35  Roach x3  
  183  8:39  Roach  
  191  8:43  Infestation Pit, Overlord  
  191  8:46  Overlord  
  191  8:48  Ravager  
  191  8:49  Overlord  
  191  8:50  Zergling x4  
  191  8:51  Ravager x3  
  191  8:54  Drone x3  
  199  8:56  Spine Crawler  
  199  8:57  Extractor, Spine Crawler  
  199  8:59  Pneumatized Carapace  
  199  9:01  Drone x3  
  199  9:05  Spine Crawler  
  199  9:06  Ravager  
  199  9:07  Zerg Missile Weapons Level 2  
  199  9:10  Drone, Evolution Chamber  
  199  9:12  Overlord  
  199  9:20  Drone  
  199  9:37  Zergling x6, Hive  
  199  9:40  Zergling x4  
  199  9:43  Corruptor  
  199  9:47  Corruptor  
  199  9:56  Zerg Melee Weapons Level 1  
  199  9:57  Drone x2, Extractor  
  199  9:59  Drone  
  199  10:05  Drone  
  199  10:06  Drone  
  200  10:10  Hatchery  
  200  10:13  Roach x4  
  181  10:16  Roach x2  
  181  10:17  Roach x2  
  173  10:22  Zergling x2  
  173  10:23  Zergling x6  
  173  10:24  Roach x6  
  173  10:25  Roach x2, Ravager  
  173  10:26  Ravager x5  
  194  10:40  Roach x3  
  200  10:44  Overlord x2  
  200  10:47  Ravager x2  
  200  10:49  Greater Spire  
  198  10:50  Roach x2  
  198  10:54  Overlord  
  198  10:56  Overlord  
  200  11:02  Zergling x18  
  198  11:07  Roach x6  
  199  11:17  Roach x3  
  199  11:18  Roach  
  192  11:19  Zergling x2  
  192  11:20  Zergling x20  
  192  11:21  Overseer x2  
  200  11:38  Roach x2, Zergling x14  
  178  11:40  Roach x3  
  178  11:41  Roach x4  
  178  11:44  Corruptor  
  178  11:45  Corruptor  
  172  12:03  Brood Lord x7, Zergling x4  
  172  12:04  Zergling x6  
  172  12:05  Queen x3  
  194  12:10  Extractor  
  194  12:11  Drone x3, Spine Crawler  
  194  12:12  Extractor  
  194  12:17  Ravager x6  
  194  12:19  Overseer  
  178  12:52  Roach x10  

Tags
 
Add a new tag
Caveats
  • Supply blocks, unpowered buildings, or Contaminate may cause inaccurate times.
  • Supply counts are checked every 10 seconds.